[Event "Late-Titled-Tuesday-Blitz-March-12-2024"]
[Site "Chess.com"]
[Date "2024.03.12"]
[Round "5"]
[White "GMBenjaminBok"]
[Black "kingofthenil"]
[Result "1-0"]
[WhiteElo "3030"]
[BlackElo "2763"]
[TimeControl "180+1"]
[EndTime "14:56:07 PDT"]
[Termination "GMBenjaminBok won by resignation"]

1. d4 d5 2. c4 e6 3. Nc3 a6 4. cxd5 exd5 5. Nf3 Nf6 6. Bg5 Be6 7. e3 Nbd7 8. h3 Bd6 9. Bd3 c6 10. Bf4 Qc7 11. Qc1 O-O 12. O-O Rfe8 13. a4 a5 14. Nb5 cxb5 15. Qxc7 Bxc7 16. Bxc7 Rec8 17. Rfc1 bxa4 18.
Bb5 Ne4 19. Bxa4 Ndc5 20. dxc5 Rxc7 21. Bd1 Rac8 22. Rxa5 b6 23. Ra6 bxc5 24. Bc2 Nf6 25. b3 h6 26. Rca1 Kf8 27. g4 Ke7 28. Kg2 Nd7 29.
Kg3 Rb8 30. Ra7 Rbb7 31. Rxb7 Rxb7 32. Ra8 g5 33. Rh8 Ra7 34. Rxh6 Ra2 35. Bf5 Rb2 36. Bxe6 fxe6 37. Nxg5 Nf8 38. h4 Rxb3 39. h5 c4 40. Nf3 c3 41. Nd4 Rb2 42. g5 c2 43. Nxc2 Rxc2 44.
Rh8 Rc1 45. Kg2 Rc4 46. f3 Rc2+ 47. Kg3 Rc1 48. Kf2 Kf7 49. h6 Rc2+ 50. Kg3 Rc1 51.
f4 Rh1 52. Kg2 Rh4 53. Kg3 Rh1 54. Kf2 Ng6 55. Rh7+ Kf8 56. Ra7 Ne7 57. Ra8+ Kf7 58. Ra7 Ke8 59. Kg3 Nf5+ 60. Kg2 Rh4 61. h7 Kf8 62. Kf2 Rh2+ 63. Kg1 Rh4 64. g6 Ne7 65. Rxe7 Kxe7 66. g7 Rg4+ 67. Kf2 Rxg7 68. h8=Q Rf7 69. Ke2 Kd6 70. Kd3 Rc7 71. Qd8+ Kc6 72. Qf6 Kd6 73. f5 Re7 74. Kd4 Kd7 75. fxe6+ Rxe6 76. Qf5 Kd6 77.
Qxd5+ Ke7 78. Qb7+ Kf6 79. e4 Rd6+ 80. Ke3 Ke5 81.
Qb5+ Ke6 82. Qf5+ Ke7 83. Qe5+ Re6 84. Qc7+ Kf6 85. Kf4 Kg6 86. e5 Re8 87. Qd7 Rf8+ 88. Ke4 Rf7 89. e6 Rf1 90. e7 Re1+ 91. Kf3 1-0

[Event "Late-Titled-Tuesday-Blitz-March-12-2024"]
[Site "Chess.com"]
[Date "2024.03.12"]
[Round "5"]
[White "MyDream003"]
[Black "Sina_Movahed"]
[Result "0-1"]
[WhiteElo "2764"]
[BlackElo "3041"]
[TimeControl "180+1"]
[EndTime "14:56:28 PDT"]
[Termination "Sina_Movahed won on time"]

1. d4 Nf6 2. c4 g6 3. Nc3 Bg7 4.
e4 O-O 5. Nf3 d6 6. Be2 e5 7.
dxe5 dxe5 8. Qxd8 Rxd8 9. Bg5 c6 10. Nxe5 Re8 11. O-O-O Na6 12. Nf3 h6 13. Bxf6 Bxf6 14. e5 Bg7 15. Rhe1 Bg4 16. h3 Bxf3 17. Bxf3 Bxe5 18.
Ne4 Re7 19. a3 Kg7 20. Kc2 Rae8 21. Nd2 Nc5 22. b4 Nd7 23. Nb3 Bc7 24. Rxe7 Rxe7 25. Rd2 Ne5 26. Be2 Bb6 27. c5 Bc7 28. g3 f5 29. Nd4 Kf6 30. Nf3 Nd7 31. Bc4 b6 32. cxb6 axb6 33. Re2 b5 34. Rxe7 Kxe7 35. Bd3 Bb6 36.
Nh4 Kf6 37. g4 Bxf2 38. Nf3 Nf8 39. gxf5 gxf5 40. Kb3 Ne6 41. a4 Nf4 42. Bf1 bxa4+ 43. Kxa4 Nd5 44. Kb3 Be3 45. b5 c5 46. Kc4 Nb6+ 47.
Kb3 Ke6 48. Bc4+ Kd6 49. Bg8 Nd7 50. Bc4 f4 51. Bd3 Bf2 52. Bf1 Bd4 53. Bc4 Bf6 54. Bf1 Bd8 55. Bc4 Bb6 56. Bf1 Ne5 57. Nxe5 Kxe5 58.
Bg2 Kd4 59. Kc2 Ke3 60. Bc6 f3 61. Kd1 f2 62. Bg2 c4 63. Bf1 c3 64. Kc2 Bd4 65. b6 Kf3 66. b7 Be5 67. b8=Q Bxb8 68. Kxc3 Kg3 69. Kd2 Kh2 70. h4 Kg1 71. Ke2 h5 72. Bh3 Bg3 73. Bf1 Bxh4 74. Bh3 Bg3 75. Bf1 Bb8 76. Bh3 Ba7 77. Bf1 h4 78. Bh3 Kh2 79. Bf1 Kg3 80. Kd3 h3 0-1

[Event "Late-Titled-Tuesday-Blitz-March-12-2024"]
[Site "Chess.com"]
[Date "2024.03.12"]
[Round "5"]
[White "lucasran"]
[Black "WhiteKnight2612"]
[Result "1/2-1/2"]
[WhiteElo "2613"]
[BlackElo "2840"]
[TimeControl "180+1"]
[EndTime "14:58:04 PDT"]
[Termination "Game drawn by 50-move rule"]

1. Nf3 f5 2. d4 Nf6 3. c4 g6 4. g3 Bg7 5. Bg2 O-O 6. O-O d6 7. Nc3 c6 8. d5 e5 9. dxe6 Bxe6 10.
b3 Kh8 11. Bb2 Bg8 12. Qc2 a5 13. Rad1 Qc7 14. e3 Na6 15. h4 Nc5 16. Nd4 a4 17. Qb1 axb3 18. axb3 Ng4 19. Nce2 Qb6 20. Nf4 Ne5 21.
Bc3 Ra3 22. Bb2 Ra6 23. Qc2 Rfa8 24. Ra1 Qb4 25. Rxa6 Rxa6 26. Bc3 Qa3 27. Ra1 Qxa1+ 28. Bxa1 Rxa1+ 29. Kh2 Ng4+ 30. Kh3 Nd7 31. Nde6 Be5 32. Bf3 Ndf6 33. Kg2 Re1 34. Nd3 Rxe3 35. Nxe5 dxe5 36.
Nc5 b6 37. Na4 b5 38. Nc5 h5 39. Qd2 Rxf3 40. Kxf3 bxc4 41. bxc4 Bxc4 42. Kg2 Bd5+ 43. Kg1 Ne4 44. Nxe4 Bxe4 45. Qd7 Bd5 46. Qe7 e4 47.
Kf1 Kg8 48. Ke2 Kh8 49. Qc7 Kg8 50. Qa7 Nf6 51. Ke3 Bf7 52. Kf4 Kg7 53. Ke5 Ng4+ 54. Kf4 Nh6 55. Qd4+ Kh7 56. Kg5 Ng8 57. Qd7 Kg7 58.
Qxc6 Ba2 59. Qa6 Bf7 60. Qa7 Kf8 61. Qb8+ Kg7 62. Qe5+ Kf8 63. Qh8 Ke7 64. Qe5+ Kf8 65. Kf4 Ne7 66. Qd6 Ke8 67. Kg5 Ng8 68. Qc5 Kd7 69. Qe5 Kd8 70. Kf4 Kd7 71. Ke3 Ne7 72.
Kd2 Be6 73. Qf6 Kd6 74. Ke2 Kd7 75. Kd1 Bb3+ 76. Kc1 Be6 77. Kb2 Kd6 78. Ka3 Kd7 79.
Ka4 Kd6 80. Ka5 Kd7 81. Kb5 Bd5 82. Kc5 Be6 83. Kd4 Nc6+ 84. Kc5 Ne7 85. Qg7 Ba2 86. Kd4 Ke6 87. Ke3 Nd5+ 88. Kd2 Ne7 89. Kc3 Bd5 90. Kd4 Nc6+ 91. Kc5 Ne7 92. Qf8 Ba2 93. Qd8 Bd5 94.
Qd6+ Kf7 95. Kd4 Ba2 96. Ke5 Ng8 97. Qd7+ Kf8 98. Qc8+ Kg7 99. Kf4 Bf7 100. Kg5 Kh7 101. Qd7 Kg7 102. Qc7 Kf8 103. Qd8+ Kg7 104. Qd4+ Kf8 105. Qe5 Be8 106. Qe6 Bf7 107. Qe5 Be8 108. Kf4 1/2-1/2

[Event "Late-Titled-Tuesday-Blitz-March-12-2024"]
[Site "Chess.com"]
[Date "2024.03.12"]
[Round "6"]
[White "Knjazj"]
[Black "cristiano78"]
[Result "1-0"]
[WhiteElo "2020"]
[BlackElo "2254"]
[TimeControl "180+1"]
[EndTime "14:59:39 PDT"]
[Termination "Knjazj won by resignation"]

1. e4 c5 2. Nf3 d6 3. Bc4 Nc6 4. c3 Nf6 5. d3 e6 6. Bg5 Be7 7.
O-O h6 8. Bh4 Bd7 9. Re1 O-O 10.
d4 cxd4 11. cxd4 Nxe4 12. Bxe7 Qxe7 13. Rxe4 d5 14. Bxd5 Qc5 15. dxc5 1-0

[Event "Late-Titled-Tuesday-Blitz-March-12-2024"]
[Site "Chess.com"]
[Date "2024.03.12"]
[Round "6"]
[White "aqibjbutt"]
[Black "ilya2700"]
[Result "0-1"]
[WhiteElo "2077"]
[BlackElo "2322"]
[TimeControl "180+1"]
[EndTime "15:00:33 PDT"]
[Termination "ilya2700 won by resignation"]

1. d4 Nf6 2. c4 g6 3. Nc3 Bg7 4. Nf3 d6 5. g3 O-O 6. Bg2 c5 7.
O-O Nc6 8. d5 Na5 9. Nd2 a6 10.
b3 Nxd5 11. Bxd5 Bxc3 12. Rb1 Bf5 13. e4 Bh3 14. Re1 e6 15. Qf3 Be5 16. g4 Qh4 0-1

[Event "Late-Titled-Tuesday-Blitz-March-12-2024"]
[Site "Chess.com"]
[Date "2024.03.12"]
[Round "6"]
[White "DenLaz"]
[Black "baki83"]
[Result "1-0"]
[WhiteElo "3053"]
[BlackElo "2843"]
[TimeControl "180+1"]
[EndTime "15:00:40 PDT"]
[Termination "DenLaz won by resignation"]

1. d4 d5 2. c4 e6 3. Nf3 Be7 4. g3 Nf6 5. Bg2 O-O 6. O-O b6 7.
cxd5 exd5 8. Nc3 Bb7 9. Ne5 Nbd7 10. Qa4 a6 11. Nxd7 Nxd7 12. Nxd5 Bd6 13. Nf6+ Nxf6 14. Bxb7 Rb8 15. Bg2 a5 16. e4 b5 17.
Qc2 Nd7 18. Be3 Nb6 19. b3 Ba3 20. Rad1 Qe7 21. d5 Rfe8 22. Qc6 Nc8 23. e5 1-0

[Event "Late-Titled-Tuesday-Blitz-March-12-2024"]
[Site "Chess.com"]
[Date "2024.03.12"]
[Round "6"]
[White "Supergiuly"]
[Black "ExchangeAB"]
[Result "0-1"]
[WhiteElo "2358"]
[BlackElo "2498"]
[TimeControl "180+1"]
[EndTime "15:01:02 PDT"]
[Termination "ExchangeAB won by resignation"]

1. g3 Nf6 2. Bg2 d5 3. d3 c6 4.
Nf3 Bg4 5. O-O Nbd7 6. Nbd2 e6 7. e4 Bd6 8. h3 Bxf3 9. Bxf3 O-O 10. Bg2 Qc7 11. f4 e5 12. f5 dxe4 13. Bxe4 Nc5 14. g4 Ncxe4 15. Nxe4 Nxe4 16. dxe4 Bc5+ 17. Kh1 Rad8 18.
Qf3 f6 19. Be3 Bxe3 20. Qxe3 Qb6 21. Qxb6 axb6 22. Rad1 Kf7 23. Kg2 Ke7 24. Kf2 Rd4 25. Rd2 Rxd2+ 0-1

[Event "Late-Titled-Tuesday-Blitz-March-12-2024"]
[Site "Chess.com"]
[Date "2024.03.12"]
[Round "6"]
[White "DucksParadise"]
[Black "Caisachess"]
[Result "0-1"]
[WhiteElo "2556"]
[BlackElo "2390"]
[TimeControl "180+1"]
[EndTime "15:01:29 PDT"]
[Termination "Caisachess won by checkmate"]

1. e4 e5 2. Nf3 Nc6 3. Bc4 Bc5 4. c3 Nf6 5. d4 exd4 6. b4 Bb6 7. e5 d5 8. exf6 dxc4 9. Qe2+ Be6 10. b5 d3 11.
Qe4 Na5 12. fxg7 Rg8 13. Bg5 Qd5 14. Qxh7 Kd7 15. Nbd2 Bf5 16. Qh6 Rae8+ 17. Be3 Re6 18. Qf4 Rxg7 19. O-O Rg4 20. Ne5+ Rxe5 21. Qh6 Qxg2# 0-1

[Event "Late-Titled-Tuesday-Blitz-March-12-2024"]
[Site "Chess.com"]
[Date "2024.03.12"]
[Round "6"]
[White "NovakRatko"]
[Black "noblerone"]
[Result "1/2-1/2"]
[WhiteElo "2414"]
[BlackElo "2577"]
[TimeControl "180+1"]
[EndTime "15:01:43 PDT"]
[Termination "Game drawn by repetition"]

1. d4 d5 2. c4 c6 3. cxd5 cxd5 4. Nc3 Nf6 5. f3 Nc6 6. e4 e6 7. e5 Ng8 8. f4 Nh6 9. Nf3 Nf5 10. Bd3 Be7 11.
Bxf5 exf5 12. Qb3 Be6 13. Qxb7 Rc8 14. O-O O-O 15. Qb3 Rb8 16. Qa4 Nb4 17. Qxa7 Ra8 18. Qb7 Rb8 19. Qa7 Ra8 20. Qb7 Rb8 21. Qa7 1/2-1/2

[Event "Late-Titled-Tuesday-Blitz-March-12-2024"]
[Site "Chess.com"]
[Date "2024.03.12"]
[Round "6"]
[White "Qingdom"]
[Black "DeArron_Fox"]
[Result "0-1"]
[WhiteElo "2261"]
[BlackElo "2527"]
[TimeControl "180+1"]
[EndTime "15:01:52 PDT"]
[Termination "DeArron_Fox won by resignation"]

1. d4 d5 2. c4 e6 3. Nf3 Nf6 4. Nc3 Be7 5. Bg5 O-O 6. e3 h6 7. Bxf6 Bxf6 8. cxd5 exd5 9. Bd3 c6 10. h3 Re8 11.
O-O Nd7 12. Qc2 Be7 13. Rab1 a5 14. a3 Bd6 15. b4 axb4 16. axb4 b5 17. e4 dxe4 18.
Nxe4 Qc7 19. Rfc1 Bf4 20. Qxc6 Qxc6 21. Rxc6 Bb7 22. d5 Bxc6 23. dxc6 Nb6 24. Nc5 Nd5 25.
Bxb5 Nc3 26. c7 Nxb5 0-1

[Event "Late-Titled-Tuesday-Blitz-March-12-2024"]
[Site "Chess.com"]
[Date "2024.03.12"]
[Round "6"]
[White "Bryanl106"]
[Black "Quattroporte300"]
[Result "1-0"]
[WhiteElo "2663"]
[BlackElo "2489"]
[TimeControl "180+1"]
[EndTime "15:01:58 PDT"]
[Termination "Bryanl106 won by checkmate"]

1. e4 c5 2. Nf3 e6 3. d4 cxd4 4. Nxd4 Nc6 5. Nc3 Qc7 6. Be3 a6 7. Qf3 Nf6 8. O-O-O Ne5 9. Qe2 b5 10. f4 Nc4 11. e5 Nxe3 12. Qxe3 b4 13. exf6 bxc3 14.
fxg7 cxb2+ 15. Kb1 Bxg7 16. Nf5 O-O 17. Nxg7 Kxg7 18.
f5 exf5 19. Qg5+ Kh8 20. Qf6+ Kg8 21. Rd3 f4 22. Rd5 Rd8 23. Rg5+ Kf8 24. Qg7+ Ke7 25. Re5+ Kd6 26. Qf6# 1-0

[Event "Late-Titled-Tuesday-Blitz-March-12-2024"]
[Site "Chess.com"]
[Date "2024.03.12"]
[Round "6"]
[White "AlexTruskavetsky"]
[Black "only_strong_moves"]
[Result "1-0"]
[WhiteElo "2690"]
[BlackElo "2547"]
[TimeControl "180+1"]
[EndTime "15:02:19 PDT"]
[Termination "AlexTruskavetsky won by resignation"]

1. d4 Nf6 2. c4 e6 3. Nc3 d5 4. cxd5 exd5 5. Bg5 c6 6. e3 h6 7. Bh4 a5 8. Bd3 Na6 9. a3 Nc7 10. Nge2 Bd6 11. h3 O-O 12. O-O Ne6 13. f3 Re8 14. Bf2 Ng5 15. Qc2 Bxh3 16. gxh3 Nxh3+ 17. Kg2 Ne4 18. fxe4 Qg5+ 19. Bg3 Bxg3 20. Nxg3 dxe4 21. Nxe4 Qg4 22.
Be2 Qg6 23. Kxh3 1-0

[Event "Late-Titled-Tuesday-Blitz-March-12-2024"]
[Site "Chess.com"]
[Date "2024.03.12"]
[Round "6"]
[White "Alexei_Gubajdullin"]
[Black "VD_coach"]
[Result "1-0"]
[WhiteElo "2643"]
[BlackElo "2491"]
[TimeControl "180+1"]
[EndTime "15:02:19 PDT"]
[Termination "Alexei_Gubajdullin won by resignation"]

1. d4 Nf6 2. Nf3 g6 3. Bf4 Bg7 4.
e3 d6 5. Be2 O-O 6. O-O b6 7.
h3 c5 8. a4 Ba6 9. Nc3 Bxe2 10.
Qxe2 a6 11. a5 b5 12. dxc5 dxc5 13. Rfd1 Qc8 14. Ne5 Nc6 15. Qf3 Nxe5 16. Bxe5 Ra7 17. Nd5 Nxd5 18. Qxd5 e6 19. Qe4 Rd7 20. Rxd7 Qxd7 21.
Bxg7 Kxg7 22. Qe5+ Kg8 23. Qxc5 Rc8 24. Qb6 Rxc2 25.
Qxa6 Rxb2 26. Qa8+ Kg7 27. a6 Qd2 28. Qf3 Ra2 29.
Rxa2 Qxa2 30. Qb7 Qa1+ 31. Kh2 Qe5+ 32. g3 1-0

[Event "Late-Titled-Tuesday-Blitz-March-12-2024"]
[Site "Chess.com"]
[Date "2024.03.12"]
[Round "6"]
[White "MalyDominator"]
[Black "scrambleyourbrain"]
[Result "0-1"]
[WhiteElo "2542"]
[BlackElo "2411"]
[TimeControl "180+1"]
[EndTime "15:02:24 PDT"]
[Termination "scrambleyourbrain won by resignation"]

1. e4 e5 2. Nf3 Nc6 3. Bb5 a6 4.
Ba4 Nf6 5. d3 b5 6. Bb3 Be7 7.
O-O d6 8. Nbd2 O-O 9. c3 Na5 10. Bc2 c5 11. Re1 Qc7 12. Nf1 Nc6 13. Ng3 Rd8 14.
h3 Bf8 15. Nh4 g6 16. f4 d5 17. f5 dxe4 18. fxg6 exd3 19. gxh7+ Nxh7 20. Bxd3 e4 21. Nxe4 c4 22. Qh5 Rxd3 23. Bh6 Bxh6 24. Qxh6 Ne7 25. Ng5 Qc5+ 26. Kh2 Qxg5 27. Qxg5+ Nxg5 28. Rxe7 Bxh3 29. gxh3 Rxh3+ 30. Kg2 Rxh4 31. Rg1 Rg4+ 0-1

[Event "Late-Titled-Tuesday-Blitz-March-12-2024"]
[Site "Chess.com"]
[Date "2024.03.12"]
[Round "6"]
[White "GOGIEFF"]
[Black "Adar_07"]
[Result "0-1"]
[WhiteElo "3008"]
[BlackElo "2820"]
[TimeControl "180+1"]
[EndTime "15:02:31 PDT"]
[Termination "Adar_07 won by resignation"]

1. d4 Nf6 2. c4 e6 3. Nf3 c5 4.
d5 exd5 5. cxd5 g6 6. Nc3 d6 7. Nd2 a6 8. a4 Nbd7 9. e4 Bg7 10. Be2 O-O 11. O-O Re8 12. h3 h6 13. f4 g5 14.
fxg5 hxg5 15. Nc4 Nxe4 16. Nxe4 Rxe4 17. Nxd6 Bd4+ 18. Kh1 Nf6 19. Rxf6 Rxe2 20. Qxe2 Qxf6 21. Qe8+ Kg7 22. Bxg5 Qxd6 23. Rf1 Qxd5 24. Rf3 Bg4 0-1

[Event "Late-Titled-Tuesday-Blitz-March-12-2024"]
[Site "Chess.com"]
[Date "2024.03.12"]
[Round "6"]
[White "mitrabhaa"]
[Black "lamomiajunior"]
[Result "1-0"]
[WhiteElo "2974"]
[BlackElo "2783"]
[TimeControl "180+1"]
[EndTime "15:02:31 PDT"]
[Termination "mitrabhaa won by resignation"]

1. d4 Nf6 2. Nf3 d5 3. Bf4 c5 4. e3 Nc6 5. Nbd2 Bg4 6. c3 e6 7. Qa4 Qc8 8. Ne5 a6 9. dxc5 Bxc5 10. Nb3 Be7 11. Nd4 b5 12. Bxb5 axb5 13. Qxb5 O-O 14. Nexc6 Re8 15. O-O Bf8 16. a4 Ne4 17. f3 e5 18.
Nxe5 Rb8 19. Qc6 1-0

[Event "Late-Titled-Tuesday-Blitz-March-12-2024"]
[Site "Chess.com"]
[Date "2024.03.12"]
[Round "6"]
[White "campochess"]
[Black "ploxoi"]
[Result "0-1"]
[WhiteElo "2186"]
[BlackElo "2406"]
[TimeControl "180+1"]
[EndTime "15:02:48 PDT"]
[Termination "ploxoi won by resignation"]

1. e4 c6 2. d4 d5 3. exd5 cxd5 4. c4 Nf6 5. Nc3 g6 6. Bg5 Bg7 7. Bxf6 Bxf6 8. Nxd5 Bg7 9. Nf3 Nc6 10. Be2 Bg4 11. O-O O-O 12. Ne3 Bxf3 13. Bxf3 Qxd4 14. Qe2 Qb6 15. Nd5 Qxb2 16. Qxb2 Bxb2 17. Rab1 Bd4 18.
Rxb7 e6 19. Rfb1 exd5 20. Bxd5 Ne5 21. Kf1 Rac8 22. R1b4 Nd3 23. Rb3 Nc5 24. h4 Nxb7 25. Rxb7 Rce8 26. g3 Bb6 0-1

[Event "Late-Titled-Tuesday-Blitz-March-12-2024"]
[Site "Chess.com"]
[Date "2024.03.12"]
[Round "6"]
[White "AccioChess"]
[Black "AmanteDeMoi"]
[Result "0-1"]
[WhiteElo "2440"]
[BlackElo "2594"]
[TimeControl "180+1"]
[EndTime "15:02:52 PDT"]
[Termination "AmanteDeMoi won by resignation"]

1. e4 g6 2. d4 Bg7 3. Nc3 c6 4. Nf3 d5 5. e5 h5 6. Bd3 Nh6 7. Bxh6 Bxh6 8. Ne2 Bg4 9. Ng3 e6 10. c3 h4 11. Nf1 h3 12. gxh3 Bxh3 13. Rg1 Bxf1 14.
Rxf1 Nd7 15. Qb3 Qb6 16. Qxb6 axb6 17. a3 b5 18. Ke2 Bf4 19. h4 Ke7 20. Rh1 Rh5 21.
Rhg1 Nb6 22. Rg4 Na4 23. Rxf4 Nxb2 24. Ng5 Rf8 25. Rb1 Na4 26. Bxb5 Nxc3+ 27. Kd3 Nxb1 28. Ba4 Nxa3 29. Bd1 Rxg5 30. hxg5 Rh8 0-1

[Event "Late-Titled-Tuesday-Blitz-March-12-2024"]
[Site "Chess.com"]
[Date "2024.03.12"]
[Round "6"]
[White "cthake"]
[Black "Fore_Man"]
[Result "0-1"]
[WhiteElo "1734"]
[BlackElo "2309"]
[TimeControl "180+1"]
[EndTime "15:02:54 PDT"]
[Termination "Fore_Man won by resignation"]

1. e4 c5 2. Nf3 d6 3. d4 cxd4 4.
Nxd4 Nf6 5. Nc3 a6 6. Be3 e5 7.
Nb3 Be7 8. f3 Be6 9. Qd2 O-O 10.
O-O-O Nbd7 11. Kb1 b5 12. g4 Nb6 13. h4 Nc4 14.
Bxc4 Bxc4 15. h5 b4 16. Nd5 Nxd5 17. exd5 a5 18. g5 a4 19. Nc1 b3 20. cxb3 axb3 21. a3 Ra5 22. g6 Bxd5 23. gxh7+ Kh8 24. h6 g6 25. f4 Bxh1 26. fxe5 dxe5 27. Qc3 Be4+ 28.
Nd3 Rd5 29. Kc1 Rxd3 30. Rxd3 Qxd3 31. Qxe5+ f6 0-1

[Event "Late-Titled-Tuesday-Blitz-March-12-2024"]
[Site "Chess.com"]
[Date "2024.03.12"]
[Round "6"]
[White "Rud_2008"]
[Black "Statham_01"]
[Result "1-0"]
[WhiteElo "2779"]
[BlackElo "2598"]
[TimeControl "180+1"]
[EndTime "15:02:55 PDT"]
[Termination "Rud_2008 won by resignation"]

1. e4 e5 2. Nf3 Nc6 3. Nc3 Nf6 4. d4 exd4 5. Nxd4 Bb4 6. Nxc6 bxc6 7. Bd3 d5 8. Bd2 O-O 9. O-O Rb8 10. exd5 cxd5 11. h3 Be6 12. a3 Be7 13. b4 a5 14. b5 g6 15. Na4 Qd7 16. Re1 Bd6 17. Qf3 Ne4 18. Bh6 Rfe8 19. Rad1 Bf5 20. g4 Bf8 21. Bxf8 Ng5 22. Qg3 Bxd3 23. Bh6 Ne4 24. Qxd3 Rxb5 25. Rxe4 Rxe4 26. Qxe4 1-0

[Event "Late-Titled-Tuesday-Blitz-March-12-2024"]
[Site "Chess.com"]
[Date "2024.03.12"]
[Round "6"]
[White "GotCheeseCheckers"]
[Black "SirStrateg"]
[Result "1-0"]
[WhiteElo "2496"]
[BlackElo "2643"]
[TimeControl "180+1"]
[EndTime "15:02:57 PDT"]
[Termination "GotCheeseCheckers won by resignation"]

1. e4 d6 2. c4 Nf6 3. Nc3 e5 4.
Nge2 Be7 5. g3 a6 6. Bg2 c6 7.
O-O b5 8. d3 Nbd7 9. h3 Bb7 10.
Kh2 O-O 11. f4 Nb6 12. c5 Nbd7 13. cxd6 Bxd6 14. fxe5 Bxe5 15. d4 Bc7 16. e5 Nd5 17. Nxd5 cxd5 18. Nf4 Nb6 19. Qg4 Bc8 20. Qf3 Be6 21.
b3 Qe7 22. Bb2 a5 23. Rac1 a4 24. bxa4 Rxa4 25. Nxe6 fxe6 26. Qxf8+ Qxf8 27. Rxf8+ Kxf8 28. Rxc7 Rxa2 29. Bc3 Nc4 30. Bb4+ Kg8 31. Kg1 Ra1+ 32. Kf2 Ra2+ 33. Kf3 Rb2 34. Bc5 h5 35. h4 Nd2+ 36.
Kf4 Nc4 37. Bh3 1-0

[Event "Late-Titled-Tuesday-Blitz-March-12-2024"]
[Site "Chess.com"]
[Date "2024.03.12"]
[Round "6"]
[White "Kopytkin"]
[Black "ukchessbomber"]
[Result "0-1"]
[WhiteElo "2436"]
[BlackElo "2632"]
[TimeControl "180+1"]
[EndTime "15:02:59 PDT"]
[Termination "ukchessbomber won by checkmate"]

1. d4 b6 2. e4 Bb7 3. Nd2 d6 4. Bd3 Nd7 5. f4 e5 6. Ndf3 exd4 7. Nxd4 Ngf6 8. Qe2 Qe7 9. Nf5 Qe6 10. Nd4 Qg4 11. Qxg4 Nxg4 12. Ngf3 Ngf6 13. O-O Be7 14. Nf5 g6 15.
Nxe7 Kxe7 16. e5 Nd5 17. Bd2 Nc5 18. Rfe1 Rhe8 19. b4 Ne6 20. Be4 c6 21. Bxd5 cxd5 22. exd6+ Kxd6 23. Ne5 f6 24. Nd3 Rac8 25. c3 Ng7 26. g4 Re4 27. Rxe4 dxe4 28. Nf2 f5 29. g5 Ne6 30. Rd1 Ke7 31. Be1 e3 32. Nd3 Rd8 33. Nb2 Rxd1 34. Nxd1 Nxf4 35. Bg3 e2 36. Nb2 Nh3# 0-1

[Event "Late-Titled-Tuesday-Blitz-March-12-2024"]
[Site "Chess.com"]
[Date "2024.03.12"]
[Round "6"]
[White "DryCounty"]
[Black "stollenmonster"]
[Result "1-0"]
[WhiteElo "2666"]
[BlackElo "2853"]
[TimeControl "180+1"]
[EndTime "15:03:00 PDT"]
[Termination "DryCounty won by resignation"]

1. Nf3 Nf6 2. c4 e6 3. g3 d5 4. b3 Be7 5. Bg2 O-O 6. O-O c5 7. e3 Nc6 8. Bb2 b6 9. Nc3 Ba6 10. Qe2 Rc8 11. Nb5 Qd7 12. Rfd1 Rfd8 13. d4 cxd4 14.
exd4 dxc4 15. bxc4 Qe8 16. Bc3 Na5 17. Bxa5 bxa5 18.
a4 Bb4 19. Ne5 Bxb5 20. axb5 h6 21. Nc6 Rd6 22. Nxa7 Rc7 23. Nc6 Rcxc6 24. bxc6 Rxc6 25. Bxc6 Qxc6 26. d5 exd5 27. cxd5 Nxd5 28. Qe4 Ne7 29. Rd8+ 1-0

[Event "Late-Titled-Tuesday-Blitz-March-12-2024"]
[Site "Chess.com"]
[Date "2024.03.12"]
[Round "6"]
[White "FairChess_on_YouTube"]
[Black "GMKrikor"]
[Result "1-0"]
[WhiteElo "3111"]
[BlackElo "2883"]
[TimeControl "180+1"]
[EndTime "15:03:03 PDT"]
[Termination "FairChess_on_YouTube won by resignation"]

1. e4 c5 2. Nf3 Nc6 3. Bb5 Nf6 4. Bxc6 dxc6 5. d3 Bg4 6. O-O Nd7 7. Nbd2 e5 8. Nc4 f6 9. a4 a5 10. c3 Be7 11. Ne3 Be6 12. Nf5 O-O 13. N3h4 Rf7 14. Qg4 Bxf5 15. Nxf5 Kh8 16. f4 exf4 17. Bxf4 Nf8 18.
Rf3 Ng6 19. Raf1 Nxf4 20. Qxf4 Bf8 21. Rh3 Kg8 22. e5 fxe5 23. Nh6+ gxh6 24. Qxf7+ Kh8 25. Rg3 1-0

[Event "Late-Titled-Tuesday-Blitz-March-12-2024"]
[Site "Chess.com"]
[Date "2024.03.12"]
[Round "6"]
[White "diamonds13"]
[Black "publicaccountcze"]
[Result "0-1"]
[WhiteElo "2336"]
[BlackElo "2202"]
[TimeControl "180+1"]
[EndTime "15:03:04 PDT"]
[Termination "publicaccountcze won by resignation"]

1. d4 Nf6 2. c4 g6 3. Nc3 d5 4.
cxd5 Nxd5 5. e4 Nxc3 6. bxc3 Bg7 7. Bc4 c5 8. Ne2 Nc6 9. Be3 O-O 10. O-O Bd7 11.
Rc1 Qc7 12. Bf4 e5 13. Bg3 Rad8 14. d5 Na5 15. Bd3 b6 16. c4 Nb7 17. f4 exf4 18. Bxf4 Be5 19. Bh6 Bxh2+ 20. Kh1 Be5 21.
Nf4 Bg7 22. Bxg7 Kxg7 23. Qd2 Qe5 24. Qf2 Nd6 25. Qg3 Rde8 26. Rce1 Re7 27. Be2 Nxe4 28. Qh2 Qg5 29. Rf3 Rfe8 30. Ref1 Bg4 31. Rg3 Nxg3+ 32.
Qxg3 Rxe2 33. Nxe2 Rxe2 34. d6 Qh6+ 35. Kg1 Qe3+ 36.
Qxe3 Rxe3 0-1

[Event "Late-Titled-Tuesday-Blitz-March-12-2024"]
[Site "Chess.com"]
[Date "2024.03.12"]
[Round "6"]
[White "Veleamater"]
[Black "Synctel"]
[Result "1-0"]
[WhiteElo "2315"]
[BlackElo "1898"]
[TimeControl "180+1"]
[EndTime "15:03:05 PDT"]
[Termination "Veleamater won on time"]

1. e4 e6 2. d4 d5 3. Nc3 Nf6 4. Bg5 Bb4 5. Ne2 h6 6. Bxf6 Qxf6 7. a3 Bxc3+ 8. Nxc3 dxe4 9. Nxe4 Qe7 10. Qf3 Nd7 11. O-O-O Nf6 12. Bd3 c6 13. Rhe1 O-O 14. g4 Nxe4 15.
Qxe4 g6 16. Kb1 Qf6 17. f4 Bd7 18. h4 Rfe8 19. h5 Kg7 20. Rg1 1-0

[Event "Late-Titled-Tuesday-Blitz-March-12-2024"]
[Site "Chess.com"]
[Date "2024.03.12"]
[Round "6"]
[White "Englishman_18"]
[Black "akanga001"]
[Result "1-0"]
[WhiteElo "2275"]
[BlackElo "2008"]
[TimeControl "180+1"]
[EndTime "15:03:16 PDT"]
[Termination "Englishman_18 won by resignation"]

1. Nf3 d5 2. g3 Bg4 3. Bg2 c6 4. c4 e6 5. b3 Nd7 6. Bb2 Ngf6 7. d3 Be7 8. Nbd2 Nf8 9. Rc1 h5 10. h4 N8h7 11. Rc2 O-O 12. Qa1 a5 13. a3 Qb6 14.
O-O Qa6 15. Re1 b5 16. e4 dxc4 17. dxc4 Rfd8 18. Ne5 Qa7 19. cxb5 cxb5 20. Nc6 Qb6 21. Nxe7+ Kf8 22. Nc6 Rxd2 23. Rxd2 Qxc6 24. f3 1-0

[Event "Late-Titled-Tuesday-Blitz-March-12-2024"]
[Site "Chess.com"]
[Date "2024.03.12"]
[Round "6"]
[White "imdvb6307"]
[Black "dealshark"]
[Result "1-0"]
[WhiteElo "2502"]
[BlackElo "2344"]
[TimeControl "180+1"]
[EndTime "15:03:18 PDT"]
[Termination "imdvb6307 won by resignation"]

1. d4 d5 2. Nf3 c5 3. c4 e6 4. cxd5 exd5 5. Nc3 Nf6 6. g3 Nc6 7. Bg2 Be7 8. O-O O-O 9. Bg5 c4 10. Ne5 Be6 11. b3 h6 12. Bxf6 Bxf6 13. bxc4 dxc4 14.
Nxc6 bxc6 15. e3 c5 16. Ne4 cxd4 17. Nxf6+ gxf6 18. exd4 Rc8 19. d5 Bf5 20. Qh5 Bd3 21.
Qxh6 Bxf1 22. Be4 f5 23. Bxf5 1-0

[Event "Late-Titled-Tuesday-Blitz-March-12-2024"]
[Site "Chess.com"]
[Date "2024.03.12"]
[Round "6"]
[White "maximnovik"]
[Black "Aram7Adam"]
[Result "1-0"]
[WhiteElo "2595"]
[BlackElo "2447"]
[TimeControl "180+1"]
[EndTime "15:03:19 PDT"]
[Termination "maximnovik won by resignation"]

1. e4 c5 2. Nf3 Nc6 3. Bb5 e6 4.
O-O Nge7 5. c3 a6 6. Ba4 d5 7. e5 b5 8. Bc2 Ng6 9. Re1 Qc7 10. d4 Bd7 11. a3 Rc8 12. Bd3 Be7 13. Be3 O-O 14. Nbd2 cxd4 15. cxd4 f5 16. exf6 Bxf6 17. Nb3 Rce8 18. Rc1 Qd6 19. Qc2 Bd8 20. Bxg6 hxg6 21. Qxg6 Bc7 22. Nc5 Bc8 23. Nd3 e5 24. Qxd6 Bxd6 25. Rxc6 1-0